 Dungeon Crawl Stone Soup version bcrawl-1.27.6 (webtiles) character file.

Game seed: 8525898450742020139

170146 DogServant the Firebug (level 6, -4/32 HPs)
             Began as a Skeleton Fire Elementalist on Oct 13, 2020.
             Slain by a sky beast (6 damage)
             ... on level 4 of the Dungeon.
             The game lasted 00:09:52 (3289 turns).

DogServant the Firebug (Skeleton Fire Elementalist) Turns: 3289, Time: 00:09:53

Health: -4/32      AC:  2    Str: 21    XL:     6   Next: 26%
Magic:  0/13       EV: 12    Int: 14    God:
Gold:   126        SH:  0    Dex: 10    Spells: 8/14 levels left

rFire    . . .     SeeInvis .   m - +2 mace (venom)
rCold    + . .     Gourm    .   (no shield)
rNeg     + + +     Faith    .   a - +0 robe
rPois    ∞         Spirit   +   (no helmet)
rElec    .         Reflect  .   (no cloak)
rCorr    .         Harm     .   (no gloves)
MR       .....                  (no boots)
Stlth    ++........             (no amulet)
HPRegen  0.10/turn              g - ring of poison resistance
MPRegen  0.13/turn              i - +6 ring of strength

@: about to teleport, very slightly contaminated
A: no food or potions, cold resistance 1, deterioration 1, negative energy
resistance 3, powered by death 1, torment resistance, unbreathing, magic shield,
sturdy frame 1, spell healing
a: no special abilities


You were on level 4 of the Dungeon.
You were not hungry.

You visited 1 branch of the dungeon, and saw 4 of its levels.

You collected 126 gold pieces.

Inventory:

Hand Weapons
 b - a +0 dagger
 m - a +2 mace of venom (weapon)
Missiles
 c - 720 stones (quivered)
 l - 332 bolts
Armour
 a - a +0 robe (worn)
 k - a +0 pair of boots
Jewellery
 g - a ring of poison resistance (left hand)
 i - a +6 ring of strength (right hand)
 o - an uncursed ring of protection from cold {unknown}
Wands
 q - a wand of random effects (12)
Scrolls
 d - 6 scrolls of identify
 h - 5 scrolls of remove curse {unknown}
 j - a scroll of fear {unknown}
 n - a scroll of noise {unknown}
 p - a scroll of enchant armour {unknown}


   Skills:
 - Level 2.0 Dodging
 - Level 2.4 Stealth
 - Level 4.6 Spellcasting
 + Level 4.9 Conjurations
 + Level 5.0 Fire Magic


You had 8 spell levels left.
You knew the following spells:

 Your Spells              Type           Power        Failure   Level  Hunger
a - Flame Tongue          Conj/Fire      ###..        2%          1    N/A
b - Flaming Arrows        Chrm/Fire      ##......     10%         2    N/A
c - Conjure Flame         Conj/Fire      ###.....     7%          3    N/A

Your spell library contained the following spells:

 Spells                   Type           Power        Failure   Level  Hunger
 Inner Flame              Hex/Fire       N/A          19%         3    N/A
 Sticky Flame             Conj/Fire      ###.....     22%         4    N/A
 Fireball                 Conj/Fire      ###.......   54%         5    N/A

Dungeon Overview and Level Annotations

Branches:
Dungeon (4/12)
 Temple: D:4-7

Altars:
Ru
Uskayaw
Zin

Shops:
D:4 }

Annotations:
D:4 1 runed translucent door, yrara's ghost, amateur DsFi


Innate Abilities, Weirdness & Mutations

You do not eat or drink.
You are immune to poison.
Your flesh is cold resistant. (rC+)
Your body sometimes deteriorates upon taking damage.
You are immune to negative energy. (rN+++)
You regenerate a little health from kills.
You are immune to unholy pain and torment.
You can survive without breathing.
When hurt, damage is shared between your health and your magic reserves.
Your movements are slightly less encumbered by armour. (ER -2)
Casting spells heals you.


Message History

Okay, then.
Casting: Flame Tongue (safe; 2% risk of failure)
Confirm with . or Enter, or press ? or * to list all spells.
Aiming: Flame Tongue (safe; 2% risk of failure)
Press: ? - help, Shift-Dir - straight line, f/p - ogre
Aim: an ogre, wielding a +0 giant club (severely wounded)
The flame tongue hits the ogre.
The ogre is almost dead.
You can't drink.
Blink to where?
Press: ? - help, Dir - move target cursor, p - ogre You are very lightly contaminated with residual magic.
As you read the scroll labeled PEOMUGU MUHU, it crumbles to dust.
It was a scroll of blinking.
As you read the scroll of teleportation, it crumbles to dust.
You feel strangely unstable. The sky beast hits you.
* * * LOW HITPOINT WARNING * * *
The sky beast shocks you.
You die...

##.............................
###....).........................
#.....#[........................#
.......##........†.....^.......##
........###.......##..........##
........)###...#####.........##
.........###.....###.........#
........).##...Y...O........##
................@...........#
....................##.....##
...................#####...######
......Y..........### ###.......
##..............## #........
#..###........## #.....###
#..###......### #.....##
#..##......## #..#...##
##..#>....## #..##...#


You could see a sky beast and an ogre.

Vanquished Creatures
  A sky beast (D:4)
  A crimson imp (D:4)
  A hound (D:4)
  5 adders (D:3)
  3 oozes
  An adder skeleton (D:4)
  2 worms (D:2)
  6 dart slugs
  2 leopard geckos (D:2)
  7 orcs
  2 giant cockroaches
  15 hobgoblins
  3 jackals (D:2)
  9 kobolds
  A quokka (D:3)
  8 bats
  3 frilled lizards (D:1)
  13 goblins
  5 rats
88 creatures vanquished.

Notes
Turn   | Place    | Note
-------+----------+-------------------------------------------
     0 | D:1      | DogServant the Skeleton Fire Elementalist began the quest
                  | for the Orb.
     0 | D:1      | Reached XP level 1. HP: 10/10 MP: 4/4
   100 | D:1      | Reached XP level 2. HP: 15/15 MP: 4/6
   424 | D:1      | Reached XP level 3. HP: 13/19 MP: 0/8
   510 | D:1      | Learned a level 2 spell: Flaming Arrows
  1076 | D:2      | Found a glowing silver altar of Zin.
  1079 | D:2      | Found a hide-covered altar of Uskayaw.
  1346 | D:2      | Reached XP level 4. HP: 24/24 MP: 1/10
  1750 | D:2      | Found a sacrificial altar of Ru.
  2093 | D:3      | Reached skill level 4 in Fire Magic
  2223 | D:3      | Learned a level 3 spell: Conjure Flame
  2258 | D:3      | Reached XP level 5. HP: 28/28 MP: 6/12
  2816 | D:4      | Found a runed translucent door.
  2872 | D:4      | Noticed a wizard
  2872 | D:4      | Noticed yrara's ghost (amateur DsFi)
  2978 | D:4      | Noticed a sky beast
  2983 | D:4      | Found Ozuhaoch's Gadget Boutique.
  3204 | D:4      | Noticed a sky beast
  3214 | D:4      | Killed a sky beast
  3214 | D:4      | Reached skill level 5 in Fire Magic
  3214 | D:4      | Gained mutation: You regenerate a little health from kills.
                  | [Skeleton growth]
  3214 | D:4      | Reached XP level 6. HP: 27/32 MP: 9/13
  3289 | D:4      | Slain by a sky beast

Skill      XL: |  1  2  3  4  5 |
---------------+----------------+-----
Conjurations   | 2 3 4 |  4.9
Spellcasting   | 4 |  4.6
Fire Magic     | 4 5 |  5.0
Dodging        | |  2.0
Stealth        | |  2.4

Action                   |  1- 3 |  4- 6 || total
-------------------------+-------+-------++-------
Melee: Unarmed           |     5 |       ||     5
       Dagger            |    67 |    11 ||    78
       Mace              |       |    38 ||    38
Throw: Stone             |       |    13 ||    13
 Cast: Flame Tongue      |    75 |    71 ||   146
       Conjure Flame     |       |     3 ||     3
       Flaming Arrows    |       |     1 ||     1
Evoke: Wand              |       |     1 ||     1
  Use: Scroll            |       |     3 ||     3
 Stab: Sleeping          |     1 |     4 ||     5
Armor: Robe              |    17 |    13 ||    30
Dodge: Dodged            |    61 |    55 ||   116
